 Dungeon Crawl Stone Soup version 0.25-a0-523-g9afb2ee040 (webtiles) character file.

Game seed: 2668028465330017315, levelgen mode: deterministic

23 fml2 the Skirmisher (level 2, -1/27 HPs)
             Began as a Draconian Wanderer on Feb 18, 2020.
             Killed from afar by a white imp (8 damage)
             ... with a puff of frost
             ... summoned by Natasha
             ... on level 2 of the Dungeon.
             The game lasted 00:06:15 (770 turns).

fml2 the Skirmisher (Draconian Wanderer)             Turns: 770, Time: 00:06:15

Health: -1/27      AC:  4    Str: 11    XL:     2   Next: 75%
Magic:  2/2        EV: 12    Int: 14    God:
Gold:   53         SH:  0    Dex: 11    Spells: 1/1 levels left

rFire    . . .     SeeInvis .   n - +0 spear
rCold    . . .     Gourm    .   (no shield)
rNeg     . . .     Faith    .   (armour unavailable)
rPois    .         Spirit   .   (helmet restricted)
rElec    .         Reflect  .   (no cloak)
rCorr    .         Harm     .   (no gloves)
MR       .....                  (no boots)
Stlth    +.........             e - amulet of regeneration
HPRegen  0.49/turn              (no ring)
MPRegen  0.08/turn              (no ring)

@: no status effects
A: unfitting armour, cold-blooded, AC +4
a: no special abilities


You were on level 2 of the Dungeon.
You were not hungry.

You visited 1 branch of the dungeon, and saw 2 of its levels.

You collected 53 gold pieces.

Inventory:

Hand Weapons
 a - a +0 short sword
 b - a +0 hand axe
 k - a +0 club
 l - a +0 mace
 n - a +0 spear (weapon)
Missiles
 f - a throwing net
 g - 27 bolts
 h - 65 arrows
 i - 85 stones (quivered)
Jewellery
 e - an amulet of regeneration (around neck)
Scrolls
 j - 3 scrolls of identify
Potions
 c - 2 potions of curing
 m - a potion of degeneration {unknown}
Comestibles
 d - 3 rations


   Skills:
 + Level 4.2 Fighting
 + Level 1.3 Short Blades
 + Level 1.0 Throwing
 + Level 1.1 Dodging
   Level 1.0 Translocations
   Level 2.0 Transmutations
   Level 1.0 Evocations


You had one spell level left.
You didn't know any spells.
Your spell library contained the following spells:

 Spells                   Type           Power        Failure   Level  Hunger
 Blink                    Tloc           N/A          28%         2    ###....
 Shroud of Golubria       Chrm/Tloc      #.....       34%         2    ###....
 Gell's Gravitas          Tloc           #.........   50%         3    ####...
 Lesser Beckoning         Tloc           #.........   50%         3    ####...
 Teleport Other           Tloc           #.......     50%         3    ####...
 Passage of Golubria      Tloc           N/A          88%         4    #####..


Dungeon Overview and Level Annotations

Branches:
Dungeon (2/15)

Altars:

Annotations:
D:2 Natasha


Innate Abilities, Weirdness & Mutations

Your plain brown scales are hard. (AC +4)
You cannot fit into any form of body armour.
You are cold-blooded and may be slowed by cold attacks.


Message History

The floor, spattered with blood.
Press: ? - help, v - describe, . - travel
Here: Natasha (lightly wounded)
The floor, spattered with blood.
Press: ? - help, v - describe, . - travel The floor.
You closely miss Natasha.
Natasha is lightly wounded.
The white imp hits you but does no damage.
Natasha claws you.
You closely miss Natasha.
Your tail-slap misses Natasha.
Natasha is lightly wounded.
The white imp completely misses you. Natasha claws you!
* * * LOW HITPOINT WARNING * * *
You hit Natasha.
Your tail-slap misses Natasha.
Natasha is moderately wounded.
The white imp grinds its teeth.
The white imp gestures at you. The puff of frost hits you!
You die...

#.####.# #....#.#
#....#.# #######
#....#.# #.....#
#....#.# #.....#
#....#.# #.....#
#....#.####.....#
########....#..........#
......>@....#..........'
......h5.#+###.........#
#####..### #.........#
.... ########### ###..
....... #.# ##.#### #. #
#. # #


You could see Natasha and a white imp.

Vanquished Creatures
  A dart slug (D:1)
  5 bats (D:1)
  A giant cockroach (D:1)
  A goblin (D:1)
  4 hobgoblins
  3 jackals (D:1)
  A ball python (D:2)
  3 rats
19 creatures vanquished.

Notes
Turn   | Place    | Note
-------+----------+-------------------------------------------
     0 | D:1      | fml2 the Draconian Wanderer began the quest for the Orb.
     0 | D:1      | fml2 set off with the following items: a +0 short sword, a
                  | potion of curing, a ration; and the following spells
                  | available to memorise: Blink, Shroud of Golubria, Gell's
                  | Gravitas, Lesser Beckoning, Teleport Other, Passage of
                  | Golubria
     0 | D:1      | Reached XP level 1. HP: 19/19 MP: 1/1
   110 | D:1      | Reached XP level 2. HP: 14/27 MP: 2/2
   125 | D:1      | Reached skill level 4 in Fighting
   760 | D:2      | Noticed Natasha
   770 | D:2      | Killed from afar by a white imp

Levels and vault maps discovered:
D:1:      dpeg_arrival_shrine, layout_rooms
D:2:      layout_basic, uniq_natasha

Skill      XL: |  1  2 |
---------------+-------+-----
Fighting       | 4 |  4.2
Short Blades   | |  1.3
Throwing       | |  1.0
Dodging        | |  1.1
Translocations | |  1.0
Transmutations | |  2.0
Evocations     | |  1.0

Action                   || total
-------------------------++-------
Melee: Short sword       ||    37
       Tailslap          ||    11
       Hand axe          ||    18
       Spear             ||     7
  Use: Scroll            ||     1
Armor: Skin              ||    22
Dodge: Dodged            ||    49

Table legend:
 A = Non-vault XP
 B = Vault XP
 C = Vault XP percentage of total XP
 D = Non-vault monster count
 E = Vault monster count
 F = Vault count percentage of total count
                 A         B        C        D         E       F
            +---------+---------+-------+---------+---------+-------
      Total |      34 |       0 |   0.0 |      19 |       0 |   0.0
            +---------+---------+-------+---------+---------+-------
        D:1 |      28 |       0 |   0.0 |      15 |       0 |   0.0
        D:2 |       6 |       0 |   0.0 |       4 |       0 |   0.0
            +---------+---------+-------+---------+---------+-------
